 Dungeon Crawl Stone Soup version 0.31-a0-986-g5e6e4ef867 (webtiles) character file.

Game seed: 13912717288299356363

977 horus123 the Jinx (level 7, -2/41 HPs)
             Began as a Deep Elf Hexslinger on Nov 19, 2023.
             Was an Initiate of Ru.
             Killed by divine providence
             ... invoked by an orc priest
              (14 damage)
             ... on level 5 of the Dungeon.
             The game lasted 00:11:00 (2861 turns).

horus123 the Jinx (Deep Elf Hexslinger)             Turns: 2861, Time: 00:11:00

Health: -2/41      AC: 13    Str:  5    XL:     7   Next: 95%
Magic:  9/14       EV: 13    Int: 20    God:    Ru [......]
Gold:   177        SH:  5    Dex: 23    Spells: 3/13 levels left

rFire   . . .        v - +4 morningstar "Muiqitadd" {protect, rC+ Will- Int+2 Dex+4}
rCold   + . .        (no shield)
rNeg    . . .        c - +0 robe
rPois   .            (no helmet)
rElec   .            x - +0 cloak
rCorr   .            (no gloves)
SInv    .            s - +2 pair of boots
Will    .....        l - amulet of reflection
Stlth   ++           e - ring of willpower
HPRegen 0.26/turn    m - ring of wizardry
MPRegen 0.14/turn

%: reflection, wizardry (x1)
@: weak-willed, under a protective aura
A: no striking features
a: Renounce Religion


You were on level 5 of the Dungeon.
You worshipped Ru.
Ru was noncommittal.
You visited 2 branches of the dungeon, and saw 7 of its levels.

You collected 177 gold pieces.

Inventory:

Hand Weapons
 a - a +1 sling
 k - a +0 orcbow
 q - a +2 short sword of speed
 r - the +9 war axe "Gaecet" {drain, rF+}
   (You took it off an orc on level 3 of the Dungeon)

   rF+:       It protects you from fire.
 v - the +4 morningstar "Muiqitadd" (weapon) {protect, rC+ Will- Int+2 Dex+4}
   (You found it on level 5 of the Dungeon)

   Int+2:     It affects your intelligence (+2).
   Dex+4:     It affects your dexterity (+4).
   rC+:       It protects you from cold.
   Will-:     It decreases your willpower.
Missiles
 i - 6 javelins
Armour
 c - a +0 robe (worn)
 s - a +2 pair of boots (worn)
 x - a +0 cloak (worn)
Jewellery
 e - a ring of willpower (left hand)
 l - an amulet of reflection (around neck)
 m - a ring of wizardry (right hand)
Wands
 t - a wand of polymorph (8)
 w - a wand of flame (17)
Scrolls
 b - 3 scrolls of poison
 f - 5 scrolls of identify {unknown}
 h - 2 scrolls of teleportation {unknown}
 j - a scroll of amnesia {unknown}
 o - 2 scrolls of blinking {unknown}
 u - a scroll of immolation {unknown}
Potions
 d - 2 potions of curing {unknown}
 g - a potion of might {unknown}
 n - a potion of mutation {unknown}
 p - a potion of degeneration {unknown}
 z - 3 potions of lignification {unknown}
 A - a potion of attraction {unknown}


   Skills:
 - Level 3.0 Fighting
 - Level 5.0 Ranged Weapons
 - Level 2.4 Dodging
 + Level 3.7 Spellcasting
 - Level 8.0 Hexes
 - Level 1.1 Fire Magic
 - Level 5.1 Ice Magic


You had 3 spell levels left.
You knew the following spells:

 Your Spells              Type           Power      Damage    Failure   Level
a - Jinxbite              Hex            70%        N/A       1%          2
b - Sigil of Binding      Hex            35%        N/A       1%          3
c - Cause Fear            Hex            17%        N/A       1%          4
d - Freeze                Ice            96%        1d10      1%          1

Your spell library contained the following spells:

 Spells                   Type           Power      Damage    Failure   Level
 Frozen Ramparts          Ice            48%        1d8       1%          3
 Inner Flame              Hex/Fire       21%        N/A       2%          3
 Hailstorm                Conj/Ice       14%        3d5       6%          3
 Dimensional Bullseye     Hex/Tloc       9%         N/A       11%         4


Dungeon Overview and Level Annotations

Branches:
Dungeon (6/15)             Temple (1/1) D:5

Altars:
Ashenzari
Cheibriados
Dithmenos
Gozag
Kikubaaqudgha
Makhleb
Nemelex Xobeh
Okawaru
Ru
Sif Muna
Uskayaw
Xom
Yredelemnul
Zin


Message History

You sock the orc wizard!
Your weapon exudes an aura of protection.
You kill the orc wizard!
The orc priest looks satisfied for a moment.
The orc hits you with a +0 flail. You block the orc's attack.
The orc closely misses you.
The orc priest mumbles some strange prayers to Beogh against you.
Beogh smites you! The orc hits you with a +0 flail.
* * * LOW HITPOINT WARNING * * *
You are too injured to fight recklessly!
You are too injured to fight recklessly!
Okay, then.
Casting: Jinxbite (safe; 1% risk of failure)
Confirm with . or Enter, or press ? or * to list all spells.
Casting: Cause Fear (dangerous; 1% risk of failure)
Press: ? - help, Dir - look around, f - activate The orc priest resists with almost no effort.
The orc looks frightened!
The orc resists with almost no effort.
The orc priest closely misses you. The orc closely misses you.
Unknown command.
You closely miss the orc priest.
A giggling sprite leaps out and smacks the orc priest with its own hand.
The orc priest is moderately wounded.
The orc priest looks satisfied for a moment.
The orc hits you but does no damage.
You closely miss the orc priest.
The orc priest is moderately wounded.
The orc priest barely misses you. The orc hits you with a +0 club.
* * * LOW HITPOINT WARNING * * *
You block the orc priest's attack. You block the orc's attack.
You hit the orc priest.
Your weapon exudes an aura of protection.
Your punch misses the orc priest.
The orc priest is severely wounded.
A giggling sprite leaps out and doodles on the orc priest's face.
The orc priest is almost dead.
The jinxing sprites lose interest in you.
The orc priest invokes the aid of Beogh against you.
Beogh smites you!
You die...

#..........#.#.#.#.+...
#....##.....#.#.#..# .#
#....####....#.#...#..#
#.............)........
#...........#...†......
#...###.##'##.####...##
#...###.##.##.####...#
#.....)........'.......
#....o@........#.......
#...##o=###...## ######
#. #..# #...# .....
....# o............
...##..###.#.... ...
#..# #.###### .. ....
...


You could see an orc priest (very drained) and an orc.

Vanquished Creatures
  Sigmund (D:5)
  2 black bears (D:5)
  An ogre (D:5)
  A centaur (D:6)
  A bullfrog (D:6)
  Blork the orc (D:5)
  An orc priest (D:3)
  Jessica (D:3)
  Terence (D:3)
  2 iguanas
  2 orc wizards (D:5)
  7 adders
  A shadow imp (D:5)
  A worm (D:2)
  3 dart slugs
  14 orcs
  2 bats
  5 endoplasms
  4 giant cockroaches
  7 goblins
  6 hobgoblins
  2 jackals (D:3)
  2 quokkas (D:1)
  3 ball pythons
  4 frilled lizards
  5 kobolds
  2 rats (D:1)
82 creatures vanquished.

Notes
Turn   | Place    | Note
-------+----------+-------------------------------------------
     0 | D:1      | horus123 the Deep Elf Hexslinger began the quest for the
                  | Orb.
     0 | D:1      | Reached XP level 1. HP: 11/11 MP: 5/5
     9 | D:1      | Reached skill level 1 in Fighting
    67 | D:1      | Reached XP level 2. HP: 17/17 MP: 6/6
   582 | D:2      | Reached XP level 3. HP: 22/22 MP: 7/7
   585 | D:2      | Learned a level 2 spell: Jinxbite
   728 | D:2      | Identified the +0 chain mail of Kikubaaqudgha's Pride {rF-
                  | rCorr Dex+4 Stlth+}
   939 | D:2      | Found a faded altar of an unknown god.
   944 | D:2      | Learned a level 3 spell: Sigil of Binding
  1011 | D:2      | Reached XP level 4. HP: 28/28 MP: 9/9
  1208 | D:2      | Learned a level 4 spell: Cause Fear
  1356 | D:3      | Noticed Terence
  1369 | D:3      | Killed Terence
  1370 | D:3      | Reached skill level 5 in Hexes
  1370 | D:3      | Reached XP level 5. HP: 32/32 MP: 4/11
  1480 | D:3      | Identified the +9 war axe "Gaecet" {drain, rF+}
  1506 | D:3      | Found a hide-covered altar of Uskayaw.
  1582 | D:3      | Noticed Jessica
  1584 | D:3      | Killed Jessica
  1585 | D:3      | Reached skill level 6 in Hexes
  1977 | D:4      | You fall into a shaft and drop 2 floors!
  1981 | D:6      | Noticed a centaur
  1989 | D:6      | Killed a centaur
  1990 | D:6      | Reached XP level 6. HP: 16/37 MP: 12/12
  2102 | D:6      | Reached skill level 5 in Ranged Weapons
  2116 | D:5      | Entered Level 5 of the Dungeon
  2128 | D:5      | Reached skill level 7 in Hexes
  2263 | D:5      | Identified the +4 morningstar "Muiqitadd" {protect, rC+
                  | Will- Int+2 Dex+4}
  2267 | D:5      | Learned a level 1 spell: Freeze
  2321 | D:5      | Noticed Blork the orc
  2338 | D:5      | Killed Blork the orc
  2339 | D:5      | Reached XP level 7. HP: 11/41 MP: 6/13
  2408 | D:5      | Reached skill level 8 in Hexes
  2447 | D:5      | Reached skill level 1 in Ice Magic
  2659 | D:5      | Noticed Sigmund
  2667 | D:5      | Killed Sigmund
  2668 | D:5      | Reached skill level 5 in Ice Magic
  2684 | D:5      | Found a staircase to the Ecumenical Temple.
  2714 | Temple   | Entered the Ecumenical Temple
  2826 | Temple   | Became a worshipper of Ru the Awakened
  2861 | D:5      | Killed from afar by an orc priest

Illustrated notes

Levels and vault maps discovered:
D:1:      lemuel_arrival_broad_hall, layout_rooms
D:2:      layout_basic, shapermc_ecumenical_altar_mp_urbaneastern
D:3:      layout_rooms, nicolae_overflow_crystal_walls, uniq_terence,
          uniq_jessica
D:4:      layout_rooms, nicolae_elyvilon_peaceful_grove,
          nicolae_hepliaklqana_hazy_memory, kennysheep_mini,
          uniq_crazy_yiuf_cottage
D:5:      layout_gridville, nicolae_qazlal_scattered_showers,
          minmay_temple_entry_grid, grunt_ministairs_9, uniq_blork_the_orc,
          uniq_sigmund
D:6:      kennysheep_windowed_halls, layout_rooms
Temple:   nicolae_temple_ecumenical_triangle

Skill      XL: |  1  2  3  4  5  6  7 |
---------------+----------------------+-----
Fighting       | 1 2 3 |  3.0
Spellcasting   | 2 3 |  3.7
Hexes          | 5 6 7 8 |  8.0
Ranged Weapons | 4 5 |  5.0
Ice Magic      | 5 |  5.1
Dodging        | |  2.4
Fire Magic     | |  1.1

Action                     |  1- 3 |  4- 6 |  7- 9 || total
---------------------------+-------+-------+-------++-------
  Melee: War axe           |       |     1 |     6 ||     7
         Morningstar       |       |       |    24 ||    24
         Punch             |       |       |     1 ||     1
   Fire: Sling             |    66 |       |       ||    66
         Orcbow            |    33 |   126 |    13 ||   172
   Cast: Jinxbite          |     7 |       |     5 ||    12
         Sigil of Binding  |       |     2 |       ||     2
         Cause Fear        |       |     8 |     3 ||    11
   Stab: Sleeping          |       |       |     1 ||     1
 Armour: Robe              |    23 |    34 |    25 ||    82
  Dodge: Dodged            |    26 |    29 |    28 ||    83
  Block: Other             |     2 |    14 |    14 ||    30
         Reflection        |       |     3 |       ||     3

Table legend: (Time is in decaauts)
 A = Elapsed time spent in this place.
 B = Non-inter-level travel time spent in this place.
 C = Inter-level travel time spent in this place.
 D = Time resting spent in this place.
 E = Time spent auto-exploring this place.
 F = Levels seen in this place.
 G = Mean time per level.
                   A        B        C        D        E       F      G
               +--------+--------+--------+--------+--------+-----+--------+
         Total |   2945 |   2877 |     68 |    274 |   1750 |   7 |  420.7 |
       Dungeon |   2825 |   2757 |     68 |    274 |   1750 |   6 |  470.8 |
        Temple |    119 |    119 |      0 |      0 |      0 |   1 |  119.0 |
               +--------+--------+--------+--------+--------+-----+--------+

Top non-repeatable levels by time:
     D:2: 713 daAuts
     D:3: 689 daAuts
     D:5: 646 daAuts
     D:1: 539 daAuts
     D:6: 140 daAuts
  Temple: 119 daAuts
     D:4: 96 daAuts
